 Dungeon Crawl Stone Soup version 0.28-a0-95-g65e1ffefe4 (webtiles) character file.

Game seed: 15647335161609976281

140 Gargoyl the Skirmisher (level 5, 47/47 HPs)
             Began as a Gnoll Abyssal Knight on Aug 8, 2021.
             Was an Initiate of Lugonu.
             Quit the game on level 1 of the Dungeon.
             The game lasted 00:00:40 (484 turns).

Gargoyl the Skirmisher (Gnoll Abyssal Knight)        Turns: 484, Time: 00:00:40

Health: 47/47      AC:  2    Str: 12    XL:     5   Next: 22%
Magic:  8/8        EV: 12    Int: 11    God:    Lugonu [......]
Gold:   10         SH:  0    Dex: 12    Spells: 6/6 levels left

rFire   . . .      SeeInvis .   a - +1 hand axe
rCold   . . .      Faith    .   (no shield)
rNeg    . . .      Spirit   .   b - +0 leather armour
rPois   .          Reflect  .   (no helmet)
rElec   .          Harm     .   (no cloak)
rCorr   .          Rampage  .   (no gloves)
Will    .....                   (no boots)
Stlth   +.........              (no amulet)
HPRegen 0.15/turn               (no ring)
MPRegen 0.11/turn               (no ring)

@: no status effects
A: fangs 1, strong nose, distributed training, deformed body
a: Renounce Religion


You were on level 1 of the Dungeon.
You worshipped Lugonu.
Lugonu was noncommittal.
You visited 1 branch of the dungeon, and saw 1 of its levels.
You visited the Abyss 1 time.

You collected 10 gold pieces.

Inventory:

Hand Weapons
 a - a +1 hand axe (weapon)
Armour
 b - a +0 leather armour (worn)
Jewellery
 d - a ring of protection from cold
Potions
 c - a potion of might
 e - a potion of ambrosia {unknown}


   Skills:
 + Level 6.6 Fighting
 + Level 1.4 Short Blades
 + Level 1.4 Long Blades
 + Level 4.7 Axes
 + Level 1.4 Maces & Flails
 + Level 1.4 Polearms
 + Level 1.4 Staves
 + Level 1.4 Slings
 + Level 1.4 Bows
 + Level 1.4 Crossbows
 + Level 1.4 Throwing
 + Level 4.7 Armour
 + Level 2.9 Dodging
 + Level 1.4 Stealth
 + Level 1.4 Shields
 + Level 1.4 Unarmed Combat
 + Level 1.4 Spellcasting
 + Level 1.1 Conjurations
 + Level 1.1 Hexes
 + Level 1.1 Summonings
 + Level 1.1 Necromancy
 + Level 1.1 Translocations
 + Level 1.1 Transmutations
 + Level 1.1 Fire Magic
 + Level 1.1 Ice Magic
 + Level 1.1 Air Magic
 + Level 1.1 Earth Magic
 + Level 1.1 Poison Magic
 + Level 4.8 Invocations
 + Level 1.4 Evocations


You had 6 spell levels left.
You didn't know any spells.
Your spell library was empty.

Dungeon Overview and Level Annotations

Branches:
Dungeon (1/15)

Altars:


Innate Abilities, Weirdness & Mutations

You have very sharp teeth.
Your uncanny sense of smell can sniff out nearby items.
Your experience applies equally to all skills.
Armour fits poorly on your strangely shaped body.


Message History

The rat bites you but does no damage.
You hit the rat.
You kill the rat!
Lugonu accepts your kill.
A goblin comes into view. It is wielding a +0 club.
A goblin is nearby!
A goblin is nearby!
The goblin shouts!
The goblin completely misses you.
You barely miss the goblin. The goblin hits you but does no damage.
You hit the goblin.
The goblin is severely wounded.
The goblin closely misses you.
You hit the goblin but do no damage.
The goblin is severely wounded.
The goblin hits you with a +0 club.
You barely miss the goblin.
The goblin is severely wounded.
The goblin hits you with a +0 club. The goblin hits you but does no damage.
You barely miss the goblin.
The goblin is severely wounded.
The goblin misses you.
You hit the goblin.
You kill the goblin!
Lugonu accepts your kill.
Things that are here:
a +0 club; a goblin corpse A hobgoblin comes into view.
A hobgoblin is nearby!
Found a scroll labelled FELE ONEEF.
The helpless hobgoblin fails to defend itself.
You hit the hobgoblin.
You bite the hobgoblin, but do no damage.
The hobgoblin is almost dead.
The hobgoblin barely misses you.
You hit the hobgoblin.
You kill the hobgoblin!
Lugonu accepts your kill.
You see here a hobgoblin corpse.
Are you sure you want to abandon this character and quit the game? (Confirm with "yes".)

#...#.#.#..#.#.#....
#.......)#.#.#.###
###.#......#.#.# ∆
#.#.######.#.###
#.#........#....
###.##############
#......?... #..
#......#### #.#
#@.....# #.#
#$.....# #.#
#......# #.#
######## #.# #.. ###


There were no monsters in sight!

Vanquished Creatures
  A neqoxec (Abyss:3)
  A hobgoblin (D:1)
  A goblin (D:1)
  A rat (D:1)
4 creatures vanquished.

Vanquished Creatures (others)
  A starspawn tentacle (Abyss:3)
1 creature vanquished.

Grand Total: 5 creatures vanquished

Notes
Turn   | Place    | Note
-------+----------+-------------------------------------------
     0 | Abyss:1  | Gargoyl the Gnoll Abyssal Knight began the quest for the
                  | Orb.
     0 | Abyss:1  | Reached XP level 1. HP: 23/23 MP: 3/3
    37 | Abyss:2  | Found a corrupted altar of Lugonu.
    46 | Abyss:2  | Noticed a chaos spawn
    91 | Abyss:3  | Noticed a neqoxec
    92 | Abyss:3  | Noticed a tentacled starspawn
    96 | Abyss:3  | Gained mutation: Armour fits poorly on your strangely
                  | shaped body. [a neqoxec]
   101 | Abyss:3  | Killed a neqoxec
   102 | Abyss:3  | Reached skill level 1 in Short Blades
   102 | Abyss:3  | Reached skill level 1 in Long Blades
   102 | Abyss:3  | Reached skill level 1 in Maces & Flails
   102 | Abyss:3  | Reached skill level 1 in Polearms
   102 | Abyss:3  | Reached skill level 1 in Staves
   102 | Abyss:3  | Reached skill level 1 in Slings
   102 | Abyss:3  | Reached skill level 1 in Bows
   102 | Abyss:3  | Reached skill level 1 in Crossbows
   102 | Abyss:3  | Reached skill level 1 in Throwing
   102 | Abyss:3  | Reached skill level 1 in Stealth
   102 | Abyss:3  | Reached skill level 1 in Shields
   102 | Abyss:3  | Reached skill level 1 in Unarmed Combat
   102 | Abyss:3  | Reached skill level 1 in Spellcasting
   102 | Abyss:3  | Reached skill level 1 in Conjurations
   102 | Abyss:3  | Reached skill level 1 in Hexes
   102 | Abyss:3  | Reached skill level 1 in Summonings
   102 | Abyss:3  | Reached skill level 1 in Necromancy
   102 | Abyss:3  | Reached skill level 1 in Translocations
   102 | Abyss:3  | Reached skill level 1 in Transmutations
   102 | Abyss:3  | Reached skill level 1 in Fire Magic
   102 | Abyss:3  | Reached skill level 1 in Ice Magic
   102 | Abyss:3  | Reached skill level 1 in Air Magic
   102 | Abyss:3  | Reached skill level 1 in Earth Magic
   102 | Abyss:3  | Reached skill level 1 in Poison Magic
   102 | Abyss:3  | Reached skill level 1 in Evocations
   102 | Abyss:3  | Reached XP level 2. HP: 17/29 MP: 5/5
   102 | Abyss:3  | Reached XP level 3. HP: 21/35 MP: 6/6
   102 | Abyss:3  | Reached XP level 4. HP: 25/41 MP: 7/7
   102 | Abyss:3  | Reached XP level 5. HP: 28/47 MP: 8/8
   102 | D:1      | Escaped the Abyss
   484 | D:1      | Quit the game

Illustrated notes

Levels and vault maps discovered:
D:1:      amcnicky_arrival_flooded_fountain, layout_basic,
          shapermc_ecumenical_altar_totnotflames

Skill      XL: |  1 |
---------------+----+-----
Short Blades   | 1 |  1.4
Long Blades    | 1 |  1.4
Maces & Flails | 1 |  1.4
Polearms       | 1 |  1.4
Staves         | 1 |  1.4
Slings         | 1 |  1.4
Bows           | 1 |  1.4
Crossbows      | 1 |  1.4
Throwing       | 1 |  1.4
Stealth        | 1 |  1.4
Shields        | 1 |  1.4
Unarmed Combat | 1 |  1.4
Spellcasting   | 1 |  1.4
Conjurations   | 1 |  1.1
Hexes          | 1 |  1.1
Summonings     | 1 |  1.1
Necromancy     | 1 |  1.1
Translocations | 1 |  1.1
Transmutations | 1 |  1.1
Fire Magic     | 1 |  1.1
Ice Magic      | 1 |  1.1
Air Magic      | 1 |  1.1
Earth Magic    | 1 |  1.1
Poison Magic   | 1 |  1.1
Evocations     | 1 |  1.4
Fighting       | |  6.6
Axes           | |  4.7
Armour         | |  4.7
Dodging        | |  2.9
Invocations    | |  4.8

Action                   |  1- 3 |  4- 6 || total
-------------------------+-------+-------++-------
Melee: Hand axe          |     8 |    11 ||    19
       Bite              |     3 |     1 ||     4
Invok: Depart the Abyss  |       |     1 ||     1
  Use: Potion            |     1 |     1 ||     2
 Stab: Sleeping          |       |     1 ||     1
Armor: Leather armour    |       |     4 ||     4
Dodge: Dodged            |     4 |     4 ||     8

Table legend: (Time is in decaauts)
 A = Elapsed time spent in this place.
 B = Non-inter-level travel time spent in this place.
 C = Inter-level travel time spent in this place.
 D = Time resting spent in this place.
 E = Time spent auto-exploring this place.
 F = Levels seen in this place.
 G = Mean time per level.
                   A        B        C        D        E       F      G
               +--------+--------+--------+--------+--------+-----+--------+
         Total |    465 |    465 |      0 |      0 |    405 |   4 |  116.2 |
       Dungeon |    363 |    363 |      0 |      0 |    328 |   1 |  363.0 |
         Abyss |    102 |    102 |      0 |      0 |     77 |   3 |   34.0 |
               +--------+--------+--------+--------+--------+-----+--------+

Top non-repeatable levels by time:
     D:1: 363 daAuts
 Abyss:3: 55 daAuts
 Abyss:1: 34 daAuts
 Abyss:2: 12 daAuts
